 Dungeon Crawl Stone Soup version 0.30.0-17-ge0270778cf (webtiles) character file.

Game seed: 7289968104488134296

18 hawla the Firebug (level 3, 0/26 HPs)
             Began as a Meteoran Fire Elementalist on May 22, 2023.
             Slain by an ice beast (11 damage)
             ... on level 3 of the Dungeon.
             The game lasted 00:01:36 (213 turns).

hawla the Firebug (Meteoran Fire Elementalist)       Turns: 213, Time: 00:01:37

Health: 0/26       AC:  2    Str:  9    XL:     3   Next: 5%
Magic:  5/8        EV: 12    Int: 19    God:
Gold:   7          SH:  0    Dex: 14    Spells: 6/7 levels left

rFire   . . .        (no weapon)
rCold   . . .        (no shield)
rNeg    . . .        a - +0 robe
rPois   .            (no helmet)
rElec   .            (no cloak)
rCorr   .            (no gloves)
SInv    .            (no boots)
Will    .....        (no amulet)
Stlth   +            (no ring)
HPRegen 0.24/turn    (no ring)
MPRegen 0.11/turn

%: no passive effects
@: glowing
A: sense surroundings 1, otherworldly, glowing, explore regen
a: no special abilities


You were on level 3 of the Dungeon.
You visited 1 branch of the dungeon, and saw 3 of its levels.

You collected 7 gold pieces.

Inventory:

Armour
 a - a +0 robe (worn)
Scrolls
 d - 2 scrolls of teleportation
Potions
 b - a potion of magic
 c - a potion of flight {unknown}


   Skills:
 + Level 2.6 Dodging
 - Level 1.4 Stealth
 + Level 2.8 Spellcasting
 + Level 1.3 Conjurations
 + Level 4.4 Fire Magic


You had 6 spell levels left.
You knew the following spells:

 Your Spells              Type           Power      Damage    Failure   Level
a - Foxfire               Conj/Fire      52%        2x1d6     4%          1

Your spell library contained the following spells:

 Spells                   Type           Power      Damage    Failure   Level
 Scorch                   Fire           38%        2d7       3%          2
 Inner Flame              Hex/Fire       11%        N/A       19%         3
 Volatile Blastmotes      Fire/Tloc      22%        2d11      19%         3
 Flame Wave               Conj/Fire      13%        2d6       43%         4


Dungeon Overview and Level Annotations

Branches:
Dungeon (3/15) Zot: 1586

Altars:
Kikubaaqudgha


Innate Abilities, Weirdness & Mutations

You passively map a small area around you.
You are easily found by Zot.
You glow in the dark.
You regain HP and MP as you explore.


Message History

Your foxfire dissipates!
d - a scroll of teleportation
Found an ancient bone altar of Kikubaaqudgha.
You see here a bat corpse.
d - 2 scrolls of teleportation (gained 1)
A hobgoblin and an ice beast come into view.
Casting: Foxfire (safe; 4% risk of failure)
Confirm with . or Enter, or press ? or * to list all spells.
You conjure some foxfire!
The foxfire hits the ice beast.
The ice beast melts!
The ice beast is lightly wounded.
The foxfire hits the ice beast but does no damage.
The ice beast is lightly wounded.
Casting: Foxfire (safe; 4% risk of failure)
Confirm with . or Enter, or press ? or * to list all spells.
You conjure some foxfire!
Casting: Foxfire (safe; 4% risk of failure)
Confirm with . or Enter, or press ? or * to list all spells.
You don't know that spell.
Casting: Foxfire (safe; 4% risk of failure)
Confirm with . or Enter, or press ? or * to list all spells.
You conjure some foxfire!
The foxfire hits the ice beast.
The ice beast melts!
The ice beast is lightly wounded.
The foxfire hits the ice beast.
The ice beast melts!
The ice beast is moderately wounded.
The ice beast hits you. The ice beast freezes you!
Casting: Foxfire (safe; 4% risk of failure)
Confirm with . or Enter, or press ? or * to list all spells.
You conjure some foxfire!
The foxfire hits the hobgoblin.
The hobgoblin is heavily wounded.
The ice beast hits you but does no damage.
You hit the ice beast but do no damage.
The ice beast is moderately wounded.
The foxfire hits the hobgoblin.
You kill the hobgoblin!
The foxfire hits the ice beast.
The ice beast melts!
The ice beast is heavily wounded.
The foxfire hits the ice beast.
The ice beast is heavily wounded.
The ice beast hits you. The ice beast freezes you!
You die...

*
########..........
#..........##.####
#.##.....####.#
#.##.##### #.#
#.##.# ... ,,
#.##.# ... *
#.##.# ....#
##ยง##.# *....# *
#.@.#.# * #.Y.#.#
* #...#,* , ,
##.##, * * , #.# ,
#.# * #######.# ,,
, ........# ,
#######.# ,


You could see an ice beast.

Vanquished Creatures
  An adder (D:3)
  A dart slug (D:2)
  2 bats
  An endoplasm (D:1)
  A hobgoblin (D:3)
  2 kobolds (D:1)
  A rat (D:1)
9 creatures vanquished.

Vanquished Creatures (others)
  32 foxfires
32 creatures vanquished.

Grand Total: 41 creatures vanquished

Notes
Turn   | Place    | Note
-------+----------+-------------------------------------------
     0 | D:1      | hawla the Meteoran Fire Elementalist began the quest for
                  | the Orb.
     0 | D:1      | Reached XP level 1. HP: 14/14 MP: 5/5
    76 | D:1      | Reached skill level 4 in Fire Magic
    76 | D:1      | Reached XP level 2. HP: 20/20 MP: 4/6
   140 | D:3      | Reached XP level 3. HP: 21/26 MP: 5/8
   149 | D:3      | Found an ancient bone altar of Kikubaaqudgha.
   200 | D:3      | Noticed an ice beast
   213 | D:3      | Slain by an ice beast

Illustrated notes

Levels and vault maps discovered:
D:1:      spicycebolla_green_bress_n_ham, layout_basic, serial_bayou_pond_c
D:2:      layout_loops_ring, reono_crystal_passage,
          hangedman_abyss_or_decor_lesser_grid, nicolae_eternal_life,
          kennysheep_generic_room_16
D:3:      layout_loops_ring, kiku_gazebo_garden_becter,
          okawaru_ov_weapons_minmay, minivault_24, uniq_jessica

Skill      XL: |  1 |
---------------+----+-----
Fire Magic     | 4 |  4.4
Dodging        | |  2.6
Stealth        | |  1.4
Spellcasting   | |  2.8
Conjurations   | |  1.3

Action                     || total
---------------------------++-------
  Melee: Unarmed           ||     5
         Punch             ||     1
   Cast: Foxfire           ||    20
    Use: Scroll            ||     2
 Armour: Robe              ||     3
  Dodge: Dodged            ||     6
